Map: Terraform LE (Void)

Players

Kiwi

  • Race: Terran Terran
  • League: Silver

Javert - Winner!

  • Race: Zerg Zerg
  • League: Grandmaster

VOD

Have the link to the VOD?

Description

Time

  • Played on: July 15, 2015, 12:48 a.m.
  • Length: 6:08
Show
View Real Time Build Order
Export as new Build Order

Kiwi Terran 

Build Orders:  

Get SALT Encoding   

  12  0:14  Supply Depot  
  12  0:18  SCV  
  13  0:30  SCV  
  14  0:37  Barracks  
  14  0:41  Refinery  
  14  0:44  SCV  
  15  0:56  SCV  
  16  1:08  SCV  
  17  1:13  Supply Depot  
  17  1:20  SCV  
  19  1:36  Barracks, Orbital Command  
  18  1:48  Factory  
  18  1:52  Marine  
  19  2:28  Barracks Reactor  
  19  2:32  Factory Reactor  
  18  2:48  Command Center  
  17  2:53  Marine  
  18  3:04  Marine x2  
  20  3:11  Hellion, Engineering Bay, Marine  
  23  3:25  Marine x2  
  20  3:29  Marine  
  20  3:43  Terran Infantry Weapons Level 1, Marine x2  
  20  4:01  Hellion  
  22  4:07  Hellion  
  22  4:09  Marine x3  
  27  4:22  Hellion  
  29  4:39  Marine x2  
  31  4:53  Marine  
  31  4:57  Marine x2  
  32  5:06  SCV  
  31  5:11  SCV  
  32  5:18  SCV  
  33  5:23  SCV  
  34  5:31  SCV  
  34  5:35  SCV, Marine x3  
  24  5:47  SCV  
Show
View Real Time Build Order
Export as new Build Order

Javert Zerg - Winner!

Build Orders: Hatch First 

Get SALT Encoding   

  12  0:01  Drone  
  13  0:14  Overlord  
  13  0:18  Drone  
  14  0:32  Drone x2  
  16  0:39  Drone  
  17  0:47  Drone  
  18  0:59  Drone  
  18  1:02  Extractor  
  18  1:03  Hatchery  
  17  1:10  Drone  
  18  1:20  Spawning Pool  
  18  1:24  Drone  
  18  1:30  Drone  
  19  1:41  Drone  
  20  1:58  Overlord  
  20  2:11  Queen  
  20  2:14  Overlord  
  20  2:15  Queen  
  22  2:19  Zergling x4  
  22  2:22  Metabolic Boost  
  26  2:28  Zergling x4  
  28  2:41  Drone x2  
  30  2:48  Drone x2  
  32  3:00  Drone x2  
  34  3:09  Drone x2  
  36  3:22  Hatchery  
  36  3:26  Drone x5  
  38  3:46  Drone x6  
  42  3:57  Queen  
  42  3:59  Overlord x2  
  44  4:13  Overlord  
  44  4:17  Queen  
  44  4:21  Zergling x6  
  44  4:22  Zergling x8  
  53  4:34  Overlord x2  
  53  4:48  Overlord x2  
  48  5:00  Zergling x18  
  55  5:09  Lair, Spine Crawler  
  55  5:11  Extractor  
  55  5:12  Zergling x14  
  60  5:15  Overlord x2  
  57  5:36  Drone x6  
  57  5:39  Drone  
  64  5:43  Drone x3  
  67  5:50  Extractor  
  67  5:51  Extractor  
  67  5:56  Drone  
Tags
 
Add a new tag
Caveats
  • Supply blocks, unpowered buildings, or Contaminate may cause inaccurate times.
  • Supply counts are checked every 10 seconds.